 Dungeon Crawl Stone Soup version 0.17-a0-2099-g910b1c6 (webtiles) character file.

81 Kromin the Chopper (level 4, 0/34 HPs)
             Began as a Demonspawn Gladiator on Oct 18, 2015.
             Slain by a gnoll
             ... wielding a +0 spear
              (3 damage)
             ... on level 3 of the Dungeon.
             The game lasted 00:05:09 (2047 turns).

Kromin the Chopper (Demonspawn Gladiator)           Turns: 2047, Time: 00:05:09

Health: 0/34       AC:  4    Str: 16    XL:     4   Next: 20%
Magic:  4/4        EV: 12    Int: 10    God:
Gold:   186        SH:  0    Dex: 13    Spells: 0 memorised, 3 levels left

rFire  . . .     SeeInvis .     a - +0 war axe
rCold  . . .     Clarity  .     b - +0 leather armour
rNeg   . . .     SustAt   .     (no shield)
rPois  .         Gourm    .     c - +0 helmet
rElec  .         Spirit   .     (no cloak)
rCorr  .         Warding  .     (no gloves)
rMut   .         Stasis   .     (no boots)
MR     .....                    (no amulet)
Stlth  ++........               (no ring)
                                (no ring)

@: not resistant to hostile enchantments, unstealthy
A: demonic guardian 1, nightstalker 1
a: no special abilities


You were on level 3 of the Dungeon.
You were not hungry.

You visited 1 branch of the dungeon, and saw 3 of its levels.

You collected 186 gold pieces.

Inventory:

Hand Weapons
 a - a +0 war axe (weapon)
 f - a +0 club
Missiles
 d - 3 throwing nets (quivered)
Armour
 b - a +0 leather armour (worn)
 c - a +0 helmet (worn)
Jewellery
 e - an uncursed amulet of resist corrosion {unknown}
Scrolls
 g - 4 scrolls of identify {unknown}
 i - 2 scrolls of remove curse {unknown}
 n - a scroll of fog {unknown}
 q - a scroll of random uselessness {unknown}
Potions
 h - 3 potions of curing {unknown}
 j - a potion of cancellation {unknown}
 k - a potion of poison {unknown}
 m - a potion of degeneration {unknown}
 o - a potion of heal wounds {unknown}
Comestibles
 l - 3 fruits
 p - a bread ration


   Skills:
 - Level 2.3 Fighting
 + Level 4.1 Axes
 - Level 1.8 Throwing
 - Level 0.1 Armour
 - Level 3.0 Dodging


You had 3 spell levels left.
You didn't know any spells.

Dungeon Overview and Level Annotations

Branches:
Dungeon (3/15)

Altars:
Nemelex Xobeh
Qazlal
Ru


Innate Abilities, Weirdness & Mutations

A weak demonic guardian rushes to your aid.
You are slightly more attuned to the shadows.


Message History

You are too injured to fight recklessly!
You are too injured to fight recklessly!
You are too injured to fight recklessly!
You are too injured to fight recklessly!
You closely miss the gnoll. You hit the hobgoblin but do no damage.
The hobgoblin hits you but does no damage.
Your iron imp hits the gnoll.
The gnoll closely misses you.
The hobgoblin hits you but does no damage.
You barely miss the gnoll.
The gnoll is lightly wounded.
You hit the hobgoblin but do no damage.
Your iron imp disappears in a puff of smoke!
The gnoll hits you but does no damage. The hobgoblin hits you with a club.
* * * LOW HITPOINT WARNING * * *
You barely miss the gnoll.
The gnoll is lightly wounded.
You slash the hobgoblin!
You kill the hobgoblin!
The gnoll hits you with a spear.
You die...

#?## ... ..# >.## ...
###.#.#.# #.@g.)..#
#.#).)..# ####.#......
#....#......
#.######....
#........≈..
##############....≈≈≈..
.....†##...........≈≈
.####.##.####....≈≈≈§


You could see a gnoll.

Vanquished Creatures
  A gnoll (D:3)
  2 adders (D:2)
  4 giant geckos
  2 giant cockroaches
  11 hobgoblins
  2 kobolds
  A ball python (D:1)
  4 bats (D:1)
  3 giant newts
  4 goblins (D:1)
  4 rats
38 creatures vanquished.

Vanquished Creatures (collateral kills)
  2 gnolls (D:3)
2 creatures vanquished.

Grand Total: 40 creatures vanquished

Notes
Turn   | Place    | Note
--------------------------------------------------------------
     0 | D:1      | Kromin the Demonspawn Gladiator began the quest for the Orb.
     0 | D:1      | Reached XP level 1. HP: 16/16 MP: 1/1
    55 | D:1      | Found a sparkling altar of Nemelex Xobeh.
   457 | D:1      | Reached skill level 3 in Axes
   493 | D:1      | Gained mutation: A weak demonic guardian rushes to your aid. [demonic ancestry]
   493 | D:1      | Reached XP level 2. HP: 15/22 MP: 2/2
  1171 | D:1      | Gained mutation: You are slightly more attuned to the shadows. [demonic ancestry]
  1171 | D:1      | Reached XP level 3. HP: 28/28 MP: 3/3
  1268 | D:2      | Found a sacrificial altar of Ru.
  2026 | D:3      | Found a stormy altar of Qazlal.
  2041 | D:3      | Reached skill level 4 in Axes
  2041 | D:3      | Reached XP level 4. HP: 12/34 MP: 4/4
  2047 | D:3      | Slain by a gnoll

Vault maps used:
D:1:      lightli_arrival_lavapool, kennysheep_decorative_pillar,
          nemelex_xobeh_ov_fountains_minmay
D:2:      overflow_temple_1_default
D:3:      nicolae_qazlal_general_emergency, uniq_terence

Action                   |  1- 3 |  4- 6 || total
-------------------------+-------+-------++-------
Melee: War axe           |   118 |     4 ||   122
 Stab: Sleeping          |     3 |       ||     3
  Eat: Bread ration      |     1 |       ||     1
